 Dungeon Crawl Stone Soup version 0.16.1-11-g651b585 (webtiles) character file.

90449 bloodandbone the Unseen (level 15, -1/118 HPs)
             Began as a Demigod Assassin on Apr 1, 2015.
             Slain by a frost giant
             ... wielding a +0 battleaxe of freezing
              (16 damage)
             ... while paralysed by a sphinx
             ... on level 13 of the Dungeon on Apr 7, 2015.
             The game lasted 02:26:54 (26262 turns).

bloodandbone the Unseen (Demigod Assassin)         Turns: 26262, Time: 02:26:59

Health: -1/118     AC: 19    Str: 14    XL:     15   Next: 11%
Magic:  30/30      EV:  2    Int: 15    God:
Gold:   1671       SH:  0    Dex: 27    Spells: 3 memorised, 9 levels left

rFire  . . .     SeeInvis +     f - +5 dagger (chaos)
rCold  . . .     Clarity  .     I - +4 troll leather armour
rNeg   + + .     SustAb   +     (no shield)
rPois  +         Gourm    .     x - +0 helmet of the Comet {rPois Regen+}
rElec  .         Spirit   .     D - +2 cloak
rCorr  .         Warding  +     e - +0 pair of gloves
rMut   .         Stasis   .     p - +0 pair of boots (curse)
MR     ++...                    r - amulet of warding
Stlth  +++++++++.               M - +4 ring of protection
                                N - ring of Shadows {Umbra +Inv rN+ SInv}

@: paralysed, wreathed by umbra, very resistant to hostile enchantments,
incredibly stealthy
A: magic resistance 1, regeneration 1, sustain abilities
a: Evoke Invisibility


You were on level 13 of the Dungeon.
You were not hungry.

You visited 3 branches of the dungeon, and saw 25 of its levels.
You also visited: Ice Cave.

You collected 2956 gold pieces.
You spent 1285 gold pieces at shops.

Inventory:

Hand weapons
 b - a +0 blowgun
 f - a +5 dagger of chaos (weapon)
Missiles
 a - 3 throwing nets
 w - 9 tomahawks of returning (quivered)
 B - 4 curare-tipped needles
 C - 3 poisoned tomahawks
 T - 5 tomahawks of dispersal
Armour
 e - a +0 pair of gloves (worn)
 m - a +2 robe of resistance
 p - a cursed +0 pair of boots (worn)
 x - the +0 helmet of the Comet (worn) {rPois Regen+}
   (You found it on level 11 of the Dungeon)

   It protects you from poison.
   It increases your rate of regeneration.
 A - a quicksilver dragon hide
 D - a +2 cloak (worn)
 I - a +4 troll leather armour (worn)
Rods
 E - a -1 rod of clouds (6/12)
   (You found it on level 11 of the Dungeon)
Jewellery
 k - an uncursed ring of protection from magic
 r - an amulet of warding (around neck)
 s - an uncursed amulet of resist corrosion
 J - an uncursed ring of fire
 M - a +4 ring of protection (right hand)
 N - the ring of Shadows (left hand) {Umbra +Inv rN+ SInv}
   (You found it on level 6 of the Dungeon)

   [ring of invisibility]

   It protects you from negative energy.
   It enhances your eyesight.
   It lets you turn invisible.
Magical devices
 d - a wand of lightning (1)
 t - a wand of fire (2)
 v - a wand of lightning (6)
 V - a wand of confusion (4)
 X - a wand of confusion (17)
Scrolls
 i - 4 scrolls of identify
 n - a scroll of immolation
 q - a scroll of silence
 u - 4 scrolls of teleportation
 y - 3 scrolls of fear
 F - 4 scrolls of recharging
 G - 2 scrolls of amnesia
 K - a scroll of blinking
 S - a scroll of magic mapping
 W - 2 scrolls of fog
Potions
 h - 3 potions of heal wounds
 o - 8 potions of curing
 z - a potion of brilliance
 H - 2 potions of restore abilities
 O - a potion of berserk rage
Books
 l - a book of Debilitation

   Spells                             Type                      Level
   a - Corona                         Hexes                        1
   b - Slow                           Hexes                        2
   c - Inner Flame                    Hexes/Fire                   3
   d - Enslavement                    Hexes                        4
   e - Cause Fear                     Hexes                        4
   f - Leda's Liquefaction            Hexes/Earth                  4
Miscellaneous
 L - a lantern of shadows
 P - an ornate deck of wonders {Placid Magic}
 Q - a lamp of fire
Comestibles
 c - 2 meat rations
 g - 14 bread rations
 j - 13 royal jellies


   Skills:
 + Level 7.3 Fighting
 + Level 8.0 Short Blades
   Level 2.0 Axes
 + Level 7.1 Throwing
 + Level 4.5 Armour
 + Level 11.5 Dodging
 * Level 16.8 Stealth
 + Level 2.8 Spellcasting
 + Level 3.5 Charms
 * Level 1.4 Necromancy
 + Level 3.0 Translocations
 + Level 3.2 Air Magic
 * Level 8.4 Evocations


You had 9 spell levels left.
You knew the following spells:

 Your Spells              Type           Power        Failure   Level  Hunger
a - Flight                Chrm/Air       ##........   21%         3    ###....
b - Recall                Summ/Tloc      N/A          43%         3    ###....
c - Control Undead        Necr           #.........   97%         4    #####..


Dungeon Overview and Level Annotations

Branches:
Dungeon (13/15)            Temple (0/1) D:4            Lair (8/8) D:11
 Shoals (0/5) Lair:5       Spider (0/5) Lair:4        Slime (0/6) Lair:6
    Orc (4/4) D:10            Elf (0/3) Orc:4        Vaults (0/5) D:13

Shops:
Orc:1 *   Orc:3 :   Orc:4 ([*=

Portals:
Hell: Lair:8

Annotations:
D:5 mahalanobis' ghost, average HEHu


Innate Abilities, Weirdness & Mutations

Your attributes are resistant to harm.
You are resistant to hostile enchantments.
Your natural rate of healing is unusually fast.


Message History

The tengu reaver conjures a globe of magical energy!
The fire giant is engulfed in freezing vapours.
The fire giant hits you with a great sword of flaming.
The fire giant burns you.
The frost giant is engulfed in freezing vapours.
The frost giant completely misses you.
The hungry ghost hits you but does no damage.
The troll is engulfed in freezing vapours.
The hungry ghost hits you but does no damage.
The tengu reaver hits you with a long sword!
The tengu reaver pecks you but does no damage.
The tengu reaver claws you but does no damage.
The troll is engulfed in freezing vapours.
The fire giant is engulfed in freezing vapours.
The fire giant hits you with a great sword of flaming!
The fire giant burns you.
The frost giant hits you with a battleaxe of freezing!!
* * * LOW HITPOINT WARNING * * *
The frost giant freezes you!
You die...

##.##....# # #.#####..## #
#############§≈ #
#§§≈≈§≈≈≈≈#§≈≈§.
#§≈≈≈.....#§§§§.:
##§≈≈......§§§..(.
#§§≈......T§§§§.[)([
#≈≈......WCC...$)??)C.
#≈.......Q@#C...§[}C.
#≈.......*.#.(§§§≈≈≈≈
#≈).)......# §§§§≈§≈§
###'§#######################
##.(.(§≈≈§§§≈≈≈≈≈≈≈§≈§§§§≈≈≈≈
#...(....§§....§.......§§..))
+....))...§.............§..))
+.....)..§......§......§....)
+.§..).)....§..§§§≈§≈≈≈≈≈....


You could see a frost giant, a fire giant, a tengu reaver, a hill giant, a troll
and a hungry ghost.

Vanquished Creatures
  A sphinx (D:13)
  An azure jelly (Lair:7)
  A fire giant (shapeshifter) (Orc:3)
  An orc warlord (Orc:4)
  Gastronok (D:8)
  A vault guard (D:13)
  5 hydras
  Harold (Lair:4)
  4 centaur warriors
  Nessos (D:11)
  Erica (Lair:4)
  An anaconda (Lair:6)
  9 death yaks (Lair:7)
  Urug (Orc:1)
  4 orc high priests (Orc:4)
  A sun demon (Lair:8)
  3 fire crabs (Lair:8)
  4 hill giants
  An orb spider (Lair:2)
  A manticore (D:12)
  4 orc knights
  A griffon (Lair:8)
  3 orc sorcerers (Orc:4)
  A cyclops (D:11)
  A wizard (Lair:8)
  An ugly thing (D:13)
  Maurice (D:9)
  16 elephants (Lair:8)
  A rust devil (Orc:4)
  11 black mambas
  Joseph (D:12)
  A queen ant (shapeshifter) (D:13)
  2 orange demons (Lair:8)
  A gargoyle (D:12)
  Psyche (D:8)
  A smoke demon (Lair:8)
  2 centaur skeletons
  An efreet (D:13)
  7 komodo dragons
  14 spiny frogs
  2 fire drakes
  3 red devils (Lair:8)
  3 blue devils (Lair:8)
  2 hellwings (Lair:8)
  A merfolk (D:12)
  6 trolls
  A queen bee (Lair:5)
  Prince Ribbit (D:7)
  10 slime creatures
  26 blink frogs
  A snapping turtle (Lair:5)
  4 two-headed ogres
  3 basilisks
  22 yaks
  A redback (Lair:4)
  A trapdoor spider (D:13)
  A wyvern (D:12)
  A fire bat (D:9)
  A deep elf mage (D:13)
  A fire elemental (D:13)
  2 hungry ghosts
  Grum (D:10)
  3 hippogriffs
  A warg (Orc:2)
  A vampire mosquito (D:13)
  19 wolves
  A naga (Lair:6)
  19 water moccasins
  3 sky beasts
  38 orc warriors
  A soldier ant (D:12)
  13 porcupines
  14 ice beasts
  3 black bears
  3 phantoms
  2 eyes of draining
  A wasp (Lair:5)
  A boring beetle (shapeshifter) (D:13)
  15 ogres
  A necrophage (D:10)
  A big kobold (D:10)
  3 boring beetles
  9 giant frogs
  9 crocodiles
  7 centaurs
  A gnoll sergeant (D:13)
  A wyvern zombie (D:10)
  4 jellies
  2 scorpions
  8 wights
  26 killer bees
  5 electric eels
  A quasit (D:11)
  7 crimson imps
  2 giant frog zombies
  A goliath beetle (D:10)
  2 centaur zombies
  A giant frog skeleton (D:13)
  6 iguanas
  An iron imp (D:6)
  26 orc priests
  32 orc wizards
  10 hounds
  9 worker ants
  A hell rat (Lair:5)
  5 sheep
  A crocodile zombie (Lair:8)
  A centaur simulacrum (D:9)
  A hound zombie (D:11)
  A hound skeleton (D:7)
  A mummy (D:13)
  4 worker ant zombies
  20 adders
  18 river rats
  2 giant mites
  14 white imps
  A worm (D:4)
  A worker ant simulacrum (D:9)
  3 adder skeletons
  2 adder zombies
  5 giant geckos
  6 oozes
  174 orcs
  A ball python (D:4)
  2 bat zombies
  A giant cockroach (D:4)
  20 hobgoblins
  27 kobolds
  14 quokkas
  16 bats
  A giant gecko zombie (D:5)
  6 giant newts
  22 goblins
  A goblin skeleton (D:6)
  4 hobgoblin zombies (D:6)
  17 jackals
  A kobold skeleton (D:6)
  2 kobold zombies (D:6)
  11 orc zombies
  2 quokka skeletons
  30 rats
960 creatures vanquished.

Vanquished Creatures (collateral kills)
  A death yak (Lair:7)
  2 ice statues (IceCv)
  A yak (Lair:8)
  A crocodile (Lair:8)
  An adder (Lair:7)
  A fungus (Lair:8)
7 creatures vanquished.

Vanquished Creatures (others)
  A yak (Lair:8)
  A wolf (Lair:6)
  A hound (Lair:4)
  An orc zombie (Orc:4)
  An orc (Orc:4)
  2 quokkas
  14 fungi
  3 plants
24 creatures vanquished.

Grand Total: 991 creatures vanquished

Notes
Turn   | Place    | Note
--------------------------------------------------------------
     0 | D:1      | bloodandbone, the Demigod Assassin, began the quest for the Orb.
     0 | D:1      | Reached XP level 1. HP: 17/17 MP: 2/2
   433 | D:1      | Reached skill level 4 in Stealth
   506 | D:1      | Reached XP level 2. HP: 18/24 MP: 3/3
   862 | D:2      | Found a radiant altar of Vehumet.
   996 | D:2      | Found a stormy altar of Qazlal.
  1077 | D:2      | Reached skill level 1 in Dodging
  1126 | D:2      | Reached XP level 3. HP: 24/29 MP: 5/5
  1692 | D:3      | Found a shimmering altar of Xom.
  2314 | D:3      | Reached XP level 4. HP: 36/36 MP: 7/7
  2370 | D:4      | Noticed an ogre
  2390 | D:4      | Killed an ogre
  2390 | D:4      | Reached skill level 5 in Stealth
  2390 | D:4      | Reached XP level 5. HP: 13/41 MP: 8/8
  2485 | D:3      | Reached skill level 1 in Armour
  2963 | D:4      | Found a snail-covered altar of Cheibriados.
  2966 | D:4      | Noticed a phantom
  2996 | D:5      | Entered Level 5 of the Dungeon
  3152 | D:5      | Reached skill level 1 in Evocations
  3219 | D:5      | Reached XP level 6. HP: 48/48 MP: 9/11
  3289 | D:5      | Noticed a sky beast
  3314 | D:5      | Killed a sky beast
  3339 | D:5      | Found an iron altar of Okawaru.
  3354 | D:4      | Noticed a phantom
  3476 | D:4      | Found a glowing golden altar of the Shining One.
  3481 | D:4      | Found a shattered altar of Ashenzari.
  3488 | D:4      | Found a glowing silver altar of Zin.
  3928 | D:4      | Learned a level 3 spell: Flight
  4088 | D:4      | Killed a phantom
  4088 | D:4      | Reached XP level 7. HP: 54/56 MP: 12/14
  4200 | D:4      | Killed a phantom
  4264 | D:4      | Found a staircase to the Ecumenical Temple.
  4415 | D:5      | Reached skill level 6 in Stealth
  4553 | D:5      | Noticed mahalanobis' ghost (average HEHu)
  4852 | D:6      | Reached XP level 8. HP: 28/63 MP: 17/17
  5412 | D:6      | Found a glowing golden altar of the Shining One.
  5488 | D:6      | Found an ancient bone altar of Kikubaaqudgha.
  6416 | D:7      | Reached skill level 7 in Stealth
  6465 | D:7      | Found a white marble altar of Elyvilon.
  6541 | D:7      | Noticed Prince Ribbit
  6551 | D:7      | Killed Prince Ribbit
  6551 | D:7      | Reached XP level 9. HP: 71/71 MP: 20/20
  6984 | D:8      | Reached skill level 5 in Dodging
  7080 | D:8      | Noticed Psyche
  7095 | D:8      | Killed Psyche
  7543 | D:8      | Noticed Gastronok
  7576 | D:8      | Killed Gastronok
  7576 | D:8      | Reached skill level 8 in Stealth
  7679 | D:8      | Found a blossoming altar of Fedhas.
  7891 | D:8      | Reached skill level 5 in Evocations
  8238 | D:8      | Reached skill level 9 in Stealth
  8389 | D:9      | Reached XP level 10. HP: 45/80 MP: 22/22
  8605 | D:9      | Found a sparkling altar of Nemelex Xobeh.
  8765 | D:9      | Noticed Maurice
  8807 | D:9      | Killed Maurice
  8807 | D:9      | Reached skill level 10 in Stealth
  9219 | D:10     | Entered Level 10 of the Dungeon
  9219 | D:10     | Noticed Grum
  9243 | D:10     | Killed Grum
  9374 | D:10     | Found a bloodstained altar of Trog.
  9892 | D:10     | Found a staircase to the Orcish Mines.
 10436 | Orc:1    | Entered Level 1 of the Orcish Mines
 10617 | Orc:1    | Found Kymosiuli's Assorted Antiques.
 10632 | Orc:1    | Bought a scroll labeled LYFUBYFRAL for 22 gold pieces
 10632 | Orc:1    | Bought a sedimented amethyst potion for 19 gold pieces
 10632 | Orc:1    | Bought a scroll of enchant weapon for 165 gold pieces
 10632 | Orc:1    | Bought 2 bubbling black potions for 39 gold pieces
 10639 | Orc:1    | Learned a level 3 spell: Recall
 10811 | Orc:1    | Noticed an orc knight
 10815 | Orc:1    | Noticed Urug
 10830 | Orc:1    | Killed Urug
 10830 | Orc:1    | Reached skill level 11 in Stealth
 10830 | Orc:1    | Reached skill level 1 in Spellcasting
 10830 | Orc:1    | Reached skill level 1 in Charms
 10830 | Orc:1    | Reached XP level 11. HP: 64/85 MP: 21/23
 10832 | Orc:1    | Killed an orc knight
 10832 | Orc:1    | Reached skill level 5 in Short Blades
 10832 | Orc:1    | Reached skill level 1 in Air Magic
 12069 | Orc:4    | Entered Level 4 of the Orcish Mines
 12072 | Orc:4    | Found a staircase to the Elven Halls.
 12265 | Orc:4    | Noticed an orc warlord
 12273 | Orc:4    | Noticed an orc high priest
 12326 | Orc:4    | Killed an orc warlord
 12326 | Orc:4    | Reached skill level 1 in Translocations
 12355 | Orc:4    | Killed an orc high priest
 12355 | Orc:4    | Reached skill level 5 in Fighting
 12482 | Orc:4    | Reached skill level 5 in Throwing
 12709 | Orc:4    | Noticed an orc warlord
 12713 | Orc:4    | Found a roughly hewn altar of Beogh.
 12875 | Orc:3    | Found Mniteckehoi's Book Boutique.
 13128 | Orc:2    | Found a roughly hewn altar of Beogh.
 13158 | Orc:2    | Reached skill level 12 in Stealth
 13691 | Orc:3    | Noticed a fire giant
 13691 | Orc:3    | an orc warlord changed into a fire giant
 13733 | Orc:3    | Killed a fire giant
 13733 | Orc:3    | Reached XP level 12. HP: 94/94 MP: 24/24
 13740 | Orc:3    | Gained mutation: Your muscles are strong. (Str +2) [mutagenic meat]
 13741 | Orc:3    | Gained mutation: You have a pair of small horns on your head. [mutagenic meat]
 13742 | Orc:3    | Gained mutation: You are dopey. (Int -2) [mutagenic meat]
 14029 | Orc:4    | Noticed an orc high priest
 14052 | Orc:4    | Killed an orc high priest
 14062 | Orc:4    | Noticed an orc high priest
 14083 | Orc:4    | Killed an orc high priest
 14390 | Orc:4    | Noticed an orc high priest
 14408 | Orc:4    | Killed an orc high priest
 14565 | Orc:4    | Found Winanon's General Store.
 14592 | Orc:4    | Found Truij's Antique Armour Shoppe.
 14592 | Orc:4    | Found Witai's Antique Weapon Emporium.
 14593 | Orc:4    | Found Chuag's Jewellery Shoppe.
 14598 | Orc:4    | Bought an ancient robe for 165 gold pieces
 14598 | Orc:4    | Bought a glowing cloak for 130 gold pieces
 14599 | Orc:4    | Bought a runed short sword for 75 gold pieces
 14599 | Orc:4    | Bought a glowing short sword for 75 gold pieces
 14620 | Orc:4    | Identified the +0 robe of Indomitability {Regen+ Str+8 Int+2} (You bought it in a shop on level 4 of the Orcish Mines)
 14997 | D:10     | Noticed a centaur warrior
 15001 | D:10     | Killed a centaur warrior
 15021 | D:11     | Identified a -2 rod of clouds (10/10) (You found it on level 11 of the Dungeon)
 15445 | D:11     | Got a translucent helmet
 15454 | D:11     | Found a staircase to the Lair.
 15544 | D:11     | Noticed Nessos
 15563 | D:11     | Killed Nessos
 15563 | D:11     | Reached skill level 13 in Stealth
 15613 | D:11     | Gained mutation: Your spells are a little easier to cast, but a little less powerful. [mutagenic meat]
 15614 | D:11     | Gained mutation: You can spit poison. [mutagenic meat]
 15615 | D:11     | Gained mutation: You can translocate small distances at will. [mutagenic meat]
 15766 | Lair:1   | Entered Level 1 of the Lair of Beasts
 16197 | Lair:1   | Learned a level 4 spell: Control Undead
 16917 | Lair:2   | Identified the +0 helmet of the Comet {rPois Regen+} (You found it on level 11 of the Dungeon)
 17933 | Lair:3   | Reached XP level 13. HP: 100/100 MP: 25/25
 18111 | Lair:3   | Lost mutation: You can translocate small distances at will. [potion of cure mutation]
 18111 | Lair:3   | Lost mutation: You are dopey. (Int -2) [potion of cure mutation]
 18111 | Lair:3   | Lost mutation: Your muscles are strong. (Str +2) [potion of cure mutation]
 18111 | Lair:3   | Lost mutation: Your spells are a little easier to cast, but a little less powerful. [potion of cure mutation]
 18433 | Orc:4    | Bought a potion of cure mutation for 595 gold pieces
 18433 | Orc:4    | Lost mutation: You can spit poison. [potion of cure mutation]
 18433 | Orc:4    | Lost mutation: You have a pair of small horns on your head. [potion of cure mutation]
 18749 | Lair:3   | Reached skill level 14 in Stealth
 19055 | Lair:4   | Found a frozen archway.
 19151 | IceCv    | Entered an ice cave
 19176 | IceCv    | Reached skill level 10 in Dodging
 19555 | Lair:4   | Noticed Erica
 19560 | Lair:4   | Killed Erica
 19765 | Lair:4   | Noticed Harold
 19799 | Lair:4   | Killed Harold
 19834 | Lair:4   | Found a hole to the Spider Nest.
 21247 | Lair:5   | Found a staircase to the Shoals.
 21350 | Lair:6   | Found a burning altar of Makhleb.
 21424 | Lair:6   | Reached skill level 15 in Stealth
 21920 | Lair:6   | Found a runed door.
 21928 | Lair:6   | Found a viscous altar of Jiyva.
 21929 | Lair:6   | Found a staircase to the Slime Pits.
 22055 | Lair:6   | Identified a scroll of acquirement
 22580 | Lair:7   | Reached XP level 14. HP: 44/110 MP: 28/28
 22728 | Lair:7   | Noticed an azure jelly
 22728 | Lair:7   | a death yak changed into an azure jelly
 22740 | Lair:7   | Killed an azure jelly
 22975 | Lair:8   | Entered Level 8 of the Lair of Beasts
 23530 | Lair:8   | Reached skill level 16 in Stealth
 24106 | Lair:8   | Found a burning altar of Makhleb.
 24110 | Lair:8   | Found a gateway to Hell.
 24462 | Lair:8   | Got a translucent executioner's axe
 24465 | Lair:8   | Identified the +5 executioner's axe of Smyxoh {chop, rF+ MP+9} (You found it on level 8 of the Lair of Beasts)
 24514 | Lair:8   | Got a warped ring mail
 24549 | Lair:8   | Identified the +5 ring mail of Modesty {+Fly rElec rPois MR- Dex-5} (You found it on level 8 of the Lair of Beasts)
 24770 | D:12     | Reached skill level 1 in Axes
 24937 | D:12     | Noticed Joseph
 24994 | D:12     | Killed Joseph
 25686 | D:13     | Found a gate to the Vaults.
 25776 | D:13     | Found a stormy altar of Qazlal.
 25925 | D:13     | Gained mutation: You are resistant to hostile enchantments. [mutagenic meat]
 25926 | D:13     | Gained mutation: Your natural rate of healing is unusually fast. [mutagenic meat]
 26052 | D:13     | Reached skill level 1 in Necromancy
 26052 | D:13     | Reached XP level 15. HP: 118/118 MP: 29/29
 26107 | D:13     | Noticed a frost giant
 26108 | D:13     | Noticed a fire giant
 26234 | D:13     | Found a runed gate.
 26234 | D:13     | Found a runed gate.
 26235 | D:13     | Found a runed gate.
 26246 | D:13     | Noticed a sphinx
 26247 | D:13     | Noticed a tengu reaver
 26258 | D:13     | Paralysed by a sphinx for 6 turns
 26259 | D:13     | Killed a sphinx
 26262 | D:13     | Slain by a frost giant

Action                   |  1- 3 |  4- 6 |  7- 9 | 10-12 | 13-15 || total
-------------------------+-------+-------+-------+-------+-------++-------
Melee: Dagger            |   145 |   137 |   213 |  1487 |  1604 ||  3586
       Short sword       |       |    19 |   371 |       |    20 ||   410
       Executioner's axe |       |       |       |       |    33 ||    33
 Fire: Blowgun           |     8 |    19 |    28 |    62 |     3 ||   120
Throw: Stone             |    51 |    31 |    10 |       |       ||    92
       Tomahawk          |       |       |    16 |    90 |    47 ||   153
       Throwing net      |       |       |       |       |     4 ||     4
 Cast: Flight            |       |       |       |     1 |       ||     1
       Recall            |       |       |       |       |     1 ||     1
 Abil: Evoke Invisibilit |       |       |     2 |    17 |    15 ||    34
Evoke: Wand              |       |     1 |     6 |    23 |    19 ||    49
       Rod               |       |       |       |       |     7 ||     7
       Lamp of fire      |       |       |       |       |     2 ||     2
  Use: Potion            |       |     1 |     6 |     9 |    11 ||    27
       Scroll            |       |     7 |     9 |    16 |    10 ||    42
 Stab: Sleeping          |     6 |     7 |    26 |    61 |    90 ||   190
       Distracted        |       |       |     2 |     5 |     4 ||    11
       Invisible         |       |       |     4 |    89 |    67 ||   160
       Petrifying        |       |       |     1 |     6 |    15 ||    22
       Paralysed         |       |       |       |    13 |    15 ||    28
       Confused          |       |       |       |     7 |    14 ||    21
       Petrified         |       |       |       |     1 |     1 ||     2
       Held in net/web   |       |       |       |       |     3 ||     3
  Eat: Chunk             |     4 |     5 |    11 |    12 |     6 ||    38
       Beef jerky        |       |       |     2 |       |     4 ||     6
       Meat ration       |       |       |     1 |     4 |     5 ||    10
       Fruit             |       |       |       |    18 |       ||    18
       Pizza             |       |       |       |     1 |     4 ||     5
       Bread ration      |       |       |       |       |     1 ||     1
